 Dungeon Crawl Stone Soup version 0.25-a0-890-g62861fb195 (webtiles) character file.

Game seed: 3081938258793863693, levelgen mode: classic

44 Amnesiac the Chiller (level 3, -11/20 HPs)
             Began as a Deep Elf Ice Elementalist on May 3, 2020.
             Mangled by Sigmund
             ... wielding a +0 scythe
              (15 damage)
             ... on level 3 of the Dungeon.
             The game lasted 00:01:35 (433 turns).

Amnesiac the Chiller (Deep Elf Ice Elementalist)     Turns: 433, Time: 00:01:36

Health: -11/20     AC:  2    Str:  5    XL:     3   Next: 41%
Magic:  0/9        EV: 13    Int: 20    God:
Gold:   26         SH:  0    Dex: 15    Spells: 1/8 levels left

rFire    . . .     SeeInvis .   a - +0 dagger (vamp)
rCold    . . .     Gourm    .   (no shield)
rNeg     . . .     Faith    .   i - +0 robe
rPois    .         Spirit   .   (no helmet)
rElec    .         Reflect  .   (no cloak)
rCorr    .         Harm     .   (no gloves)
MR       .....                  (no boots)
Stlth    ++........             (no amulet)
HPRegen  0.06/turn              (no ring)
MPRegen  0.11/turn              (no ring)

@: flying
A: no striking features
a: no special abilities


You were on level 3 of the Dungeon.
You were not hungry.

You visited 1 branch of the dungeon, and saw 3 of its levels.

You collected 26 gold pieces.

Inventory:

Hand Weapons
 a - a +0 vampiric dagger (weapon)
Missiles
 b - 15 sling bullets
 f - a stone (quivered)
Armour
 i - a +0 robe (worn)
Scrolls
 d - a scroll of enchant weapon {!r, unknown}
 e - a scroll of remove curse {!r, unknown}
 h - a scroll of noise {!r, unknown}
Comestibles
 c - a ration
 j - a chunk of flesh


   Skills:
 + Level 0.9 Fighting
 + Level 2.8 Dodging
 - Level 3.0 Stealth
 + Level 3.4 Spellcasting
 * Level 4.9 Ice Magic


You had one spell level left.
You knew the following spells:

 Your Spells              Type           Power        Failure   Level  Hunger
a - Freeze                Ice            ###.         1%          1    None
b - Frozen Ramparts       Ice            ###...       5%          3    ###....
z - Ozocubu's Armour      Chrm/Ice       ##......     16%         3    ###....

Your spell library contained the following spells:

 Spells                   Type           Power        Failure   Level  Hunger
 Hailstorm                Conj/Ice       ##......     45%         4    ####...
 Summon Ice Beast         Ice/Summ       ##......     45%         4    ####...


Dungeon Overview and Level Annotations

Branches:
Dungeon (3/15)

Altars:

Annotations:
D:3 Sigmund


Message History

Confirm with . or Enter, or press ? or * to list all spells.
Aiming: Freeze (safe; 1% risk of failure)
Press: ? - help, Shift-Dir - straight line, f/p - bat
Aim: a bat (heavily wounded)
You freeze the bat!
You kill the bat!
A rat and Sigmund come into view.
Sigmund shouts!
You see here a broad axe.
Casting: Freeze (safe; 1% risk of failure)
Confirm with . or Enter, or press ? or * to list all spells.
The spell is quite dangerous to cast (5% risk of failure)!
Continue anyway?
Okay, then.
Sigmund barely misses you.
Casting: Frozen Ramparts (quite dangerous; 5% risk of failure)
Confirm with . or Enter, or press ? or * to list all spells.
The spell is quite dangerous to cast (5% risk of failure)!
Continue anyway?
The walls around you are covered in ice.
The wall freezes the giant cockroach.
You kill the giant cockroach!
Casting: Frozen Ramparts (quite dangerous; 5% risk of failure)
Confirm with . or Enter, or press ? or * to list all spells.
Aiming: Freeze (safe; 1% risk of failure)
Press: ? - help, Shift-Dir - straight line, f - Sigmund
Aim: Sigmund, wielding a +0 scythe and wearing a +0 robe You freeze Sigmund.
Sigmund is lightly wounded.
The wall freezes Sigmund.
Sigmund gestures wildly while chanting.
Sigmund flickers and vanishes!
Deactivating autopickup; reactivate with Ctrl-A.
Casting: Freeze (safe; 1% risk of failure)
Confirm with . or Enter, or press ? or * to list all spells.
You can't see any susceptible monsters within range! (Use Z to cast anyway.)
Casting: Freeze (safe; 1% risk of failure)
Confirm with . or Enter, or press ? or * to list all spells.
Aiming: Freeze (safe; 1% risk of failure)
Press: ? - help, Shift-Dir - straight line You freeze something.
The wall freezes something.
Something hits you.
Casting: Freeze (safe; 1% risk of failure)
Confirm with . or Enter, or press ? or * to list all spells.
Aiming: Freeze (safe; 1% risk of failure)
Press: ? - help, Shift-Dir - straight line You freeze something.
The wall freezes something.
You hear some strange, mumbled words.
A puff of flame appears from out of thin air!
The puff of flame hits you!
Ouch! That really hurt!
* * * LOW HITPOINT WARNING * * *
Casting: Freeze (safe; 1% risk of failure)
Confirm with . or Enter, or press ? or * to list all spells.
Aiming: Freeze (safe; 1% risk of failure)
Press: ? - help, Shift-Dir - straight line You freeze something.
The wall freezes the rat.
The wall freezes something.
Something hits you.
* * * LOW HITPOINT WARNING * * *
You hit something.
You feel better.
The wall freezes the rat.
Unknown command.
Really quaff
g - a blue potion {!q}?
It was a potion of flight {!q}.
You feel very buoyant.
You fly up into the air.
The frozen ramparts melt away.
Something hits you!
Ouch! That really hurt!
You die...

## #. #. #.###
#.#.#
######.#)#######
.......{<.......
........@.......
........r.......
##+#####........
#.....###
#.....# #.....#
#.....# #......
#.......


You could see a rat.

Vanquished Creatures
  Jessica (D:2)
  An adder (D:2)
  2 giant cockroaches
  2 goblins
  3 bats
  A kobold (D:1)
  A rat (D:1)
11 creatures vanquished.

Notes
Turn   | Place    | Note
-------+----------+-------------------------------------------
     0 | D:1      | Amnesiac the Deep Elf Ice Elementalist began the quest for
                  | the Orb.
     0 | D:1      | Reached XP level 1. HP: 10/10 MP: 6/6
   104 | D:2      | Noticed Jessica
   123 | D:2      | Killed Jessica
   123 | D:2      | Reached XP level 2. HP: 2/16 MP: 4/8
   123 | D:2      | Reached XP level 3. HP: 3/20 MP: 4/9
   128 | D:2      | Learned a level 3 spell: Frozen Ramparts
   132 | D:2      | Learned a level 3 spell: Ozocubu's Armour
   424 | D:3      | Noticed Sigmund
   433 | D:3      | Mangled by Sigmund

Levels and vault maps discovered:
D:1:      eino_arrival_druids_welcome, layout_rooms
D:2:      layout_loops_cross, minmay_mini_jars, uniq_natasha, uniq_jessica
D:3:      layout_basic, overflow_temple_1_default, minivault_24,
          nicolae_tso_carved_into_rock, uniq_sigmund

Skill      XL: |  1  2  3 |
---------------+----------+-----
Stealth        | 3 |  3.0
Fighting       | |  0.9
Dodging        | |  2.8
Spellcasting   | |  3.4
Ice Magic      | |  4.9

Action                   || total
-------------------------++-------
Melee: Dagger            ||     2
 Cast: Freeze            ||    18
       Frozen Ramparts   ||     1
  Use: Potion            ||     1
 Stab: Sleeping          ||     1
Armor: Robe              ||     2
Dodge: Dodged            ||     7

Table legend:
 A = Non-vault XP
 B = Vault XP
 C = Vault XP percentage of total XP
 D = Non-vault monster count
 E = Vault monster count
 F = Vault count percentage of total count
                 A         B        C        D         E       F
            +---------+---------+-------+---------+---------+-------
      Total |      27 |      37 |  57.8 |      10 |       1 |   9.1
            +---------+---------+-------+---------+---------+-------
        D:1 |       7 |       0 |   0.0 |       5 |       0 |   0.0
        D:2 |      14 |      37 |  72.5 |       2 |       1 |  33.3
        D:3 |       6 |       0 |   0.0 |       3 |       0 |   0.0
            +---------+---------+-------+---------+---------+-------
